 Dungeon Crawl Stone Soup version 0.29.0-15-g675c0067aa (webtiles) character file.

Game seed: 1821659376053550326

14 qw the Sneak (level 2, 0/19 HPs)
             Began as a Gargoyle Delver on Sept 11, 2022.
             Frozen to death by an endoplasm (5 damage)
             ... on level 2 of the Dungeon.
             The game lasted 00:00:07 (364 turns).

qw the Sneak (Gargoyle Delver)                       Turns: 364, Time: 00:00:08

Health: 0/19       AC:  5    Str: 15    XL:     2   Next: 45%
Magic:  2/2        EV: 11    Int: 10    God:
Gold:   11         SH:  0    Dex: 11    Spells: 1/1 levels left

rFire   . . .      SeeInvis .   a - +0 hand axe
rCold   . . .      Faith    .   (no shield)
rNeg    + . .      Spirit   .   b - +0 leather armour
rPois   inf        Reflect  .   (no helmet)
rElec   +          Harm     .   (no cloak)
rCorr   .          Rampage  .   (no gloves)
Will    .....                   (no boots)
Stlth   +++.......              (no amulet)
HPRegen 0.06/turn               (no ring)
MPRegen 0.08/turn               (no ring)

@: no status effects
A: sickness immunity, AC +2, negative energy resistance 1, electricity
resistance, torment resistance 1, petrification resistance
a: no special abilities


You were on level 2 of the Dungeon.
You visited 1 branch of the dungeon, and saw 4 of its levels.

You collected 11 gold pieces.


Innate Abilities, Weirdness & Mutations

You are immune to sickness and miasma.
Your stone body is resilient. (AC +2)
You are immune to poison.
You resist negative energy. (rN+)
You are resistant to electric shocks. (rElec)
You are resistant to unholy torment.
You are immune to petrification.


   Skills:
 - Level 3.2 Fighting
 + Level 2.7 Axes
 - Level 1.5 Dodging
 - Level 5.4 Stealth


You had one spell level left.
You didn't know any spells.
Your spell library was empty.

Inventory:

Hand Weapons
 a - a +0 hand axe (weapon)
 c - a +0 flail
Armour
 b - a +0 leather armour (worn)
Wands
 g - a wand of digging (3)
Potions
 d - a potion of resistance {unknown}
 f - a potion of haste

Dungeon Overview and Level Annotations

Branches:
Dungeon (5/15)
 Temple: D:4-7

Altars:


Message History

The adder bites you but does no damage.
You slash the adder!
The adder is severely wounded.
You hit the endoplasm.
The endoplasm hits you but does no damage.
The adder bites you but does no damage.
You barely miss the adder.
The adder is severely wounded.
You barely miss the endoplasm. The adder bites you but does no damage.
The endoplasm freezes you.
You are frozen.
The adder closely misses you. The endoplasm freezes you.
You are frozen.
You closely miss the adder.
The adder is heavily wounded.
You hit the endoplasm but do no damage. The adder barely misses you.
The endoplasm closely misses you.
You hit the adder.
The adder is almost dead.
You hit the endoplasm. The adder bites you but does no damage.
The endoplasm barely misses you. The adder barely misses you.
You barely miss the adder.
The adder is almost dead.
You hit the endoplasm. The adder bites you but does no damage.
The endoplasm freezes you.
You are frozen.
You miss the adder.
The adder is almost dead.
You hit the endoplasm but do no damage. The adder bites you but does no damage.
The endoplasm hits you. The adder closely misses you.
You miss the adder. Your punch misses the adder.
The adder is almost dead.
You hit the endoplasm but do no damage. The endoplasm freezes you.
You are frozen.
You die...

.....7.
.......
.......
.......
....... #####
....... #...#
......J###.#.#
.....BS@..>#.#
#####+####.#.#
#.#.# #.#.#
#.#.# ....#
#.# #.#


You could see an adder, an endoplasm and a giant cockroach.

Vanquished Creatures
  An adder (D:3)
  An orc (D:3)
  A kobold (D:2)
  A quokka (D:3)
  A ball python (D:3)
5 creatures vanquished.

Notes
Turn   | Place    | Note
-------+----------+-------------------------------------------
     0 | D:5      | qw the Gargoyle Delver began the quest for the Orb.
     0 | D:5      | Reached XP level 1. HP: 14/14 MP: 1/1
     0 | D:5      | 0 ||| qw: Version: 0.1-a-118-gb4e7ce6
     0 | D:5      | 0 ||| qw: Game counter: 10494
     0 | D:5      | 0 ||| qw: Always use a shield: true
     0 | D:5      | 0 ||| qw: God list: Okawaru
     0 | D:5      | 0 ||| qw: Allow faded altars: false
     0 | D:5      | 0 ||| qw: Do Orc after D:15 true
     0 | D:5      | 0 ||| qw: Do second Lair branch before Depths: true
     0 | D:5      | 0 ||| qw: Lair rune preference: random
     0 | D:5      | 0 ||| qw: Plans: Normal
     0 | D:5      | 0 ||| PLANNING D:1-11
     0 | D:5      | 0 ||| DROPPING scroll of fog.
     1 | D:5      | 1 ||| DROPPING scroll of magic mapping.
     2 | D:5      | 2 ||| DROPPING scroll of fear.
     8 | D:5      | Noticed a phantom
     9 | D:5      | 9 ||| FLEEEEING.
    10 | D:5      | 10 ||| STAIRDANCE
    49 | D:3      | 49 ||| Stepping ~*~*~tactically~*~*~ (stealth).
    63 | D:3      | Reached XP level 2. HP: 7/19 MP: 2/2
   364 | D:2      | Frozen to death by an endoplasm

Levels and vault maps discovered:
D:2:      layout_basic, serial_forest, infiniplex_forest_3_way,
          infiniplex_forest_lined_4_way, infiniplex_forest_clump_double,
          infiniplex_forest_lined_room_2, uniq_robin
D:3:      layout_basic, st_stairs_4
D:4:      layout_loops_ring
D:5:      layout_basic, gammafunk_temple_overflow_claw, old_standard_altar,
          minmay_temple_entry_glassed_door, kennysheep_generic_room_7,
          uniq_duvessa, uniq_edmund

Skill      XL: |  1 |
---------------+----+-----
Axes           | 2 |  2.7
Fighting       | |  3.2
Dodging        | |  1.5
Stealth        | |  5.4

Action                   || total
-------------------------++-------
Melee: Hand axe          ||    27
Armor: Leather armour    ||    12
Dodge: Dodged            ||    17

Table legend:
 A = Non-vault XP
 B = Vault XP
 C = Vault XP percentage of total XP
 D = Non-vault monster count
 E = Vault monster count
 F = Vault count percentage of total count
                 A         B        C        D         E       F
            +---------+---------+-------+---------+---------+-------
      Total |       6 |      15 |  71.4 |       3 |       2 |  40.0
            +---------+---------+-------+---------+---------+-------
        D:2 |       2 |       0 |   0.0 |       1 |       0 |   0.0
        D:3 |       4 |      15 |  78.9 |       2 |       2 |  50.0
            +---------+---------+-------+---------+---------+-------
